 Dungeon Crawl Stone Soup version 0.13-a0-1606-g53bcbbc (webtiles) character file.

264 Overhead the Ruffian (level 5, 0/41 HPs)
             Began as a Gargoyle Transmuter on June 14, 2013.
             Slain by a worm (11 damage)
             ... on Level 3 of the Dungeon.
             The game lasted 00:07:13 (2461 turns).

Overhead the Ruffian (Gargoyle Transmuter)          Turns: 2461, Time: 00:07:13

HP   0/41        AC  2     Str 13      XL: 5   Next: 11%
MP   7/8         EV 12     Int 17      God:
Gold 137         SH  0     Dex 10      Spells:  3 memorised,  3 levels left

Res.Fire  : . . .   See Invis. : .     - Unarmed
Res.Cold  : + . .   Warding    : .   c - +0 robe
Life Prot.: + . .   Conserve   : .   (no shield)
Res.Poison: .       Res.Corr.  : .   (helmet restricted)
Res.Elec. : .       Clarity    : .   (no cloak)
Sust.Abil.: . .     Spirit.Shd : .   (no gloves)
Res.Mut.  : .       Stasis     : .   (no boots)
Res.Rott. : .       Flight     : .   (no amulet)
Saprovore : . . .                    (no ring)
                                     l - +2 ring of intelligence

@: appendage, slightly resistant to hostile enchantments, unstealthy
A: fangs 1, horns 2, talons 2, cold resistance 1, life protection 1, slow
metabolism 1, petrification resistance, trample resistance
a: End Transformation


You were on level 3 of the Dungeon.
You were hungry.
You had grown temporary horns.
You visited 1 branch of the dungeon, and saw 3 of its levels.

You collected 117 gold pieces.

Inventory:

Missiles
 b - 23 arrows
Armour
 c - a +0 robe (worn)
Comestibles
 a - 3 bread rations
 f - a meat ration
 g - an apple
 s - a beef jerky
Scrolls
 e - 2 scrolls of remove curse {unknown}
 i - a scroll of identify {unknown}
 k - a scroll of magic mapping {unknown}
 m - a scroll of teleportation {unknown}
 p - a scroll of amnesia {unknown}
 q - a scroll of random uselessness {unknown}
Jewellery
 l - a +2 ring of intelligence (left hand)
Potions
 h - a potion of magic {unknown}
 j - a potion of heal wounds {unknown}
 n - 2 potions of curing {unknown}
 o - a potion of cure mutation {unknown}
 r - 2 potions of degeneration {unknown}
Books
 d - a book of Changes

   Spells                             Type                      Level
   *Beastly Appendage                 Transmutation                1
   *Sticks to Snakes                  Transmutation                2
   *Spider Form                       Transmutation/Poison         3
   Ice Form                           Ice/Transmutation            4
   Blade Hands                        Transmutation                5


   Skills:
 + Level 1.9 Fighting
   Level 0.0 Short Blades
   Level 0.0 Long Blades
   Level 0.0 Axes
   Level 0.0 Maces & Flails
   Level 0.0 Polearms
   Level 0.0 Staves
   Level 0.0 Slings
   Level 0.0 Bows
   Level 0.0 Crossbows
 + Level 0.0 Throwing
 + Level 0.0 Armour
 + Level 2.4 Dodging
 + Level 0.0 Stealth
   Level 0.0 Stabbing
   Level 0.0 Shields
 + Level 0.0 Traps
 + Level 4.2 Unarmed Combat
 + Level 2.9 Spellcasting
   Level 0.0 Conjurations
   Level 0.0 Hexes
   Level 0.0 Charms
   Level 0.0 Summonings
   Level 0.0 Necromancy
   Level 0.0 Translocations
 + Level 2.4 Transmutations
   Level 0.0 Fire Magic
   Level 0.0 Ice Magic
   Level 0.0 Air Magic
   Level 0.0 Earth Magic
 * Level 0.4 Poison Magic
   Level 0.0 Invocations
   Level 0.0 Evocations


You had 3 spell levels left.
You knew the following spells:

 Your Spells              Type           Power        Failure   Level  Hunger
a - Beastly Appendage     Trmt           ##....       10%         1    #......
b - Sticks to Snakes      Trmt           ##........   12%         2    ##.....
c - Spider Form           Trmt/Pois      #.........   30%         3    ###....


Dungeon Overview and Level Annotations

Branches:
Dungeon (3/27)

Altars:
Elyvilon
Fedhas
Zin
the Shining One


Innate Abilities, Weirdness & Mutations

You have very sharp teeth.*
You have razor-sharp toenails.*
Your flesh is cold resistant.*
You resist negative energy.*
You have a slow metabolism.
You are immune to petrification.
You are resistant to trampling.
You have a pair of horns on your head.*


Message History

You barely miss the worm.
The worm is moderately wounded.
Your horns disappear.
The worm barely misses you.
The jackal bites you but does no damage.
You barely miss the worm. You punch the worm, but do no damage.
You bite the worm.
The worm is moderately wounded.
The jackal bites you but does no damage.
Casting: Beastly Appendage
Confirm with . or Enter, or press ? or * to list all spells.
You grow a pair of large bovine horns.
The jackal closely misses you. The worm bites you.
* * * LOW HITPOINT WARNING * * *
You hit the worm.
The worm is moderately wounded.
The jackal bites you.
* * * LOW HITPOINT WARNING * * *
The jackal closely misses you. The worm bites you!
You die...

.#.#.##.... ... ..#.# ...
........# ...#.# .#
h........# ... ..........
..........> . ....#.#.#. ...
.........
#.....#####.#.......
.....Shh@w..........
#.....#####.#....... .....#
#.####.#.# #.. ####..#
#........# f.......#.....#
#........# fPff...##...<.#
#........##
f_fP...##.....#####..........
ff.P...##.................#.#


fPP.......................... You could see a worm, an adder and 2 jackals.

Vanquished Creatures
  An orc wizard (D:3)
  4 adders (D:3)
  A giant mite (D:2)
  3 giant geckos
  3 orcs (D:3)
  A ball python (D:1)
  9 bats
  4 giant cockroaches
  5 hobgoblins
  9 jackals
  2 giant newts
  4 goblins
  4 kobolds
  10 rats
60 creatures vanquished.

Notes
Turn   | Place    | Note
--------------------------------------------------------------
     0 | D:1      | Overhead, the Gargoyle Transmuter, began the quest for the Orb.
     0 | D:1      | Reached XP level 1. HP: 16/16 MP: 1/1
   190 | D:1      | Reached XP level 2. HP: 20/23 MP: 0/3
   352 | D:1      | Learned a level 2 spell: Sticks to Snakes
   676 | D:1      | Reached XP level 3. HP: 7/28 MP: 4/4
  1067 | D:2      | Learned a level 3 spell: Spider Form
  1129 | D:2      | Reached skill level 4 in Unarmed Combat
  1203 | D:2      | Found a glowing silver altar of Zin.
  1205 | D:2      | Found a white marble altar of Elyvilon.
  1205 | D:2      | Found a glowing golden altar of the Shining One.
  1640 | D:3      | Reached XP level 4. HP: 13/35 MP: 3/6
  2214 | D:3      | Found a blossoming altar of Fedhas.
  2289 | D:3      | Reached XP level 5. HP: 15/41 MP: 6/8
  2461 | D:3      | Slain by a worm

Action                   |  1- 3 |  4- 6 || total
-------------------------+-------+-------++-------
Melee: Unarmed           |   136 |    65 ||   201
 Cast: Beastly Appendage |    22 |    11 ||    33
 Stab: Sleeping          |     1 |       ||     1
